General information
- name: BNet
- type: Ladder team game (AT/RT)
- host: Battle.net
- saver: China
map: GolemsInTheMist
- players: 8
- length: 12:37
- speed: Fast
- version: 1.26 W3XP
- replay type: Public
» download(80 KB)
Players
team 1 (winner)
mtldemolition (
yellow | 30 APM | 377 actions | 12:37)
3 Blademaster
1 Wind Walk
1 Mirror Image
1 Critical Strike
1 Shadow Hunter
1 Healing Wave
» actions
| Build / train | 37 | |
| Enter build submenu | 15 | |
| Enter hero's abilities submenu | 4 | |
| Right click | 163 | |
| Select / deselect | 135 | |
| Use ability | 23 | |
377 total
» units
| Peon | 8 | |
| Grunt | 12 | |
| Demolisher | 2 | |
| Wind Rider | 1 | |
23 total
» upgrades
| Pillage | 1 | |
| Armor | 1 | |
| Melee Weapons | 1 | |
| Spiked Barricades | 1 | |
4 total
» buildings
| Orc Burrow | 5 | |
| Altar of Storms | 1 | |
| Barracks | 2 | |
| War Mill | 1 | |
| Watch Tower | 1 | |
| Stronghold | 1 | |
| Voodoo Lounge | 1 | |
| Fortress | 1 | |
| Beastiary | 1 | |
14 total
» build order
00:15 Orc Burrow
00:20 Altar of Storms
01:03 Barracks
01:32 War Mill
01:41 Orc Burrow
02:26 Orc Burrow
02:55 Watch Tower
03:03 Barracks
04:43 Orc Burrow
05:51 Stronghold
07:06 Voodoo Lounge
09:51 Fortress
10:11 Beastiary
11:49 Orc Burrow
» items
| Potion of Mana | 1 | |
| Potion of Healing | 1 | |
2 total
ElTigre (
teal | 48 APM | 604 actions | 12:37)
4 Blademaster
2 Wind Walk
2 Critical Strike
» actions
| Assign group hotkey | 19 | |
| Basic commands | 11 | |
| Build / train | 36 | |
| Enter build submenu | 12 | |
| Enter hero's abilities submenu | 4 | |
| Remove unit from queue | 8 | |
| Right click | 266 | |
| Select / deselect | 179 | |
| Select group hotkey | 43 | |
| Use ability | 26 | |
604 total
» units
| Peon | 4 | |
| Grunt | 4 | |
| Goblin Shredder | 1 | |
| Wind Rider | 8 | |
17 total
» upgrades
| Pillage | 1 | |
| Ranged Weapons | 2 | |
| Armor | 1 | |
4 total
» buildings
| Orc Burrow | 4 | |
| Altar of Storms | 1 | |
| Barracks | 1 | |
| Voodoo Lounge | 1 | |
| Stronghold | 1 | |
| War Mill | 1 | |
| Beastiary | 3 | |
| Great Hall | 1 | |
| Fortress | 1 | |
14 total
» build order
00:16 Orc Burrow
00:52 Altar of Storms
00:53 Barracks
01:10 Orc Burrow
01:54 Voodoo Lounge
02:49 Stronghold
03:27 Orc Burrow
05:42 War Mill
05:54 Orc Burrow
05:57 Beastiary
05:57 Beastiary
06:56 Great Hall
10:55 Fortress
11:29 Beastiary
China (
red | 109 APM | 1374 actions | 12:37)
4 Blademaster
2 Wind Walk
2 Critical Strike
» actions
| Assign group hotkey | 54 | |
| Basic commands | 5 | |
| Build / train | 92 | |
| ESC pressed | 4 | |
| Enter build submenu | 31 | |
| Enter hero's abilities submenu | 4 | |
| Give item / drop item | 1 | |
| Right click | 551 | |
| Select / deselect | 203 | |
| Select group hotkey | 349 | |
| Use ability | 80 | |
1374 total
» units
| Peon | 21 | |
| Grunt | 14 | |
| Goblin Shredder | 3 | |
| Wind Rider | 11 | |
| Troll Batrider | 3 | |
52 total
» upgrades
| Pillage | 1 | |
| Armor | 2 | |
| Berserker Strength | 1 | |
| Ranged Weapons | 2 | |
| Troll Regeneration | 1 | |
7 total
» buildings
| Altar of Storms | 2 | |
| Orc Burrow | 4 | |
| Barracks | 1 | |
| Voodoo Lounge | 1 | |
| War Mill | 1 | |
| Great Hall | 1 | |
| Watch Tower | 10 | |
| Stronghold | 5 | |
| Beastiary | 4 | |
| Fortress | 3 | |
32 total
» build order
00:05 Altar of Storms
00:08 Altar of Storms
00:10 Orc Burrow
00:23 Barracks
01:33 Orc Burrow
02:09 Voodoo Lounge
02:55 Orc Burrow
03:49 Orc Burrow
05:23 War Mill
05:54 Great Hall
06:46 Watch Tower
06:48 Watch Tower
06:49 Stronghold
06:49 Stronghold
06:50 Stronghold
08:06 Watch Tower
08:09 Watch Tower
08:42 Watch Tower
08:50 Watch Tower
08:55 Watch Tower
09:40 Beastiary
09:42 Beastiary
10:41 Fortress
10:41 Fortress
10:47 Beastiary
10:52 Beastiary
10:58 Watch Tower
11:01 Watch Tower
11:03 Watch Tower
» items
| Healing Salve | 3 | |
| Lesser Clarity Potion | 2 | |
| Scroll of Speed | 1 | |
6 total

»
COMMANDERDANGLE (
purple | 46 APM | 586 actions | 12:37)
3 Demon Hunter
2 Immolation
1 Mana Burn
» actions
| Basic commands | 10 | |
| Build / train | 46 | |
| Enter build submenu | 21 | |
| Enter hero's abilities submenu | 3 | |
| Remove unit from queue | 2 | |
| Right click | 218 | |
| Select / deselect | 224 | |
| Use ability | 62 | |
586 total
» units
» buildings
| Moon Well | 6 | |
| Altar of Elders | 1 | |
| Hunter's Hall | 1 | |
| Ancient of War | 2 | |
| Ancient Protector | 8 | |
| Tree of Ages | 2 | |
| Ancient of Wonders | 1 | |
| Tree of Life | 1 | |
22 total
» build order
00:11 Moon Well
01:08 Altar of Elders
01:12 Moon Well
01:57 Hunter's Hall
02:10 Ancient of War
02:19 Ancient of War
03:50 Ancient Protector
03:56 Ancient Protector
04:00 Ancient Protector
04:45 Moon Well
04:47 Moon Well
04:53 Ancient Protector
05:34 Tree of Ages
05:34 Tree of Ages
06:29 Ancient Protector
06:37 Moon Well
07:43 Moon Well
11:12 Ancient Protector
11:15 Ancient Protector
11:21 Ancient of Wonders
11:40 Ancient Protector
12:06 Tree of Life
team 2 (loser)

»
idogaystrats2 (
orange | 53 APM | 665 actions | 12:32)
3 Death Knight
2 Death Coil
1 Unholy Aura
2 Lich
1 Frost Nova
1 Dark Ritual
» actions
| Assign group hotkey | 11 | |
| Basic commands | 57 | |
| Build / train | 39 | |
| ESC pressed | 1 | |
| Enter build submenu | 11 | |
| Enter hero's abilities submenu | 6 | |
| Remove unit from queue | 3 | |
| Right click | 220 | |
| Select / deselect | 230 | |
| Select group hotkey | 25 | |
| Use ability | 62 | |
665 total
» units
| Acolyte | 7 | |
| Ghoul | 3 | |
| Meatwagon | 2 | |
| Troll Batrider | 4 | |
16 total
» upgrades
» buildings
| Crypt | 1 | |
| Graveyard | 1 | |
| Ziggurat | 6 | |
| Altar of Darkness | 1 | |
| Tomb of Relics | 1 | |
| Halls of the Dead | 1 | |
| Spirit Tower | 3 | |
| Slaughterhouse | 1 | |
| Sacrificial Pit | 1 | |
| Black Citadel | 1 | |
17 total
» build order
00:40 Crypt
00:42 Graveyard
00:45 Ziggurat
01:11 Altar of Darkness
01:29 Ziggurat
02:07 Tomb of Relics
03:15 Halls of the Dead
03:47 Spirit Tower
03:50 Ziggurat
04:06 Ziggurat
04:41 Ziggurat
04:42 Ziggurat
05:41 Slaughterhouse
06:03 Spirit Tower
06:05 Spirit Tower
06:33 Sacrificial Pit
07:38 Black Citadel
» items
| Rod of Necromancy | 5 | |
| Potion of Healing | 5 | |
| Dust of Appearance | 1 | |
11 total
Rusty-Kettle (
pink | 70 APM | 879 actions | 12:36)
3 Archmage
2 Summon Water Elemental
1 Brilliance Aura
» actions
| Assign group hotkey | 22 | |
| Build / train | 39 | |
| Enter build submenu | 25 | |
| Enter hero's abilities submenu | 3 | |
| Give item / drop item | 1 | |
| Right click | 353 | |
| Select / deselect | 161 | |
| Select group hotkey | 233 | |
| Use ability | 42 | |
879 total
» units
» upgrades
| Gunpowder | 1 | |
| Armor | 1 | |
| Long Rifles | 1 | |
3 total
» buildings
| Altar of Kings | 1 | |
| Farm | 8 | |
| Blacksmith | 1 | |
| Lumber Mill | 1 | |
| Barracks | 2 | |
| Scout Tower | 3 | |
| Guard Tower | 3 | |
| Arcane Vault | 1 | |
| Keep | 2 | |
22 total
» build order
00:07 Altar of Kings
00:10 Farm
00:37 Blacksmith
00:56 Lumber Mill
01:33 Barracks
01:49 Farm
02:17 Barracks
02:28 Scout Tower
02:35 Farm
02:46 Scout Tower
03:03 Guard Tower
03:19 Guard Tower
03:37 Farm
03:57 Scout Tower
04:27 Farm
04:55 Guard Tower
05:06 Farm
05:45 Arcane Vault
06:06 Farm
06:28 Keep
06:29 Keep
07:09 Farm
» items
| Scroll of Regeneration | 1 | |
| Lesser Clarity Potion | 1 | |
| Rod of Necromancy | 1 | |
3 total

»
pwnrer (
blue | 28 APM | 352 actions | 12:25)
1 Warden
1 Blink
» actions
| Assign group hotkey | 4 | |
| Build / train | 26 | |
| Enter build submenu | 17 | |
| Enter hero's abilities submenu | 1 | |
| Right click | 122 | |
| Select / deselect | 145 | |
| Select group hotkey | 13 | |
| Use ability | 24 | |
352 total
» units
» buildings
| Hunter's Hall | 1 | |
| Moon Well | 5 | |
| Ancient of War | 1 | |
| Altar of Elders | 1 | |
| Ancient Protector | 2 | |
| Ancient of Wonders | 1 | |
| Tree of Ages | 1 | |
| Tree of Eternity | 1 | |
| Ancient of Wind | 1 | |
| Chimaera Roost | 2 | |
16 total
» build order
00:22 Hunter's Hall
00:32 Moon Well
01:12 Ancient of War
01:56 Moon Well
02:18 Altar of Elders
03:01 Ancient Protector
03:19 Ancient of Wonders
04:21 Moon Well
04:52 Tree of Ages
05:33 Moon Well
06:43 Ancient Protector
07:58 Tree of Eternity
08:43 Ancient of Wind
10:43 Chimaera Roost
10:47 Chimaera Roost
11:59 Moon Well
Dark_Monkey_316 (
green | 31 APM | 378 actions | 12:07)
3 Blademaster
1 Wind Walk
2 Critical Strike
» actions
| Assign group hotkey | 25 | |
| Build / train | 38 | |
| Enter build submenu | 20 | |
| Enter hero's abilities submenu | 3 | |
| Give item / drop item | 2 | |
| Right click | 123 | |
| Select / deselect | 60 | |
| Select group hotkey | 45 | |
| Use ability | 62 | |
378 total
» units
» upgrades
| Backpack | 1 | |
| Spiked Barricades | 2 | |
| Ranged Weapons | 2 | |
| Armor | 2 | |
| Envenomed Spears | 1 | |
| Reinforced Defenses | 1 | |
9 total
» buildings
| Altar of Storms | 1 | |
| Orc Burrow | 3 | |
| Voodoo Lounge | 1 | |
| War Mill | 1 | |
| Watch Tower | 5 | |
| Stronghold | 1 | |
| Fortress | 1 | |
| Great Hall | 1 | |
| Beastiary | 3 | |
17 total
» build order
00:08 Altar of Storms
00:13 Orc Burrow
01:17 Voodoo Lounge
01:26 Orc Burrow
01:36 War Mill
03:20 Watch Tower
04:13 Stronghold
04:26 Watch Tower
05:32 Watch Tower
06:45 Watch Tower
08:19 Watch Tower
08:24 Fortress
08:57 Great Hall
09:13 Beastiary
09:15 Beastiary
09:37 Beastiary
09:56 Orc Burrow
» items
Chat log
(00:39 / Allies) mtldemolition: hi
(00:46 / Allies) China: Hello sir
(00:53 / All) COMMANDERDANGLE: alien sex slaves
(01:00 / All) pwnrer: hello bnet.
(01:03 / All) COMMANDERDANGLE: thats what we will all be after tomorrow
(01:03 / All) ElTigre: I WAS BORN THIS WAY
(02:24 / Allies) COMMANDERDANGLE: ima hunt rush
(02:31 / Allies) ElTigre: Bro you do whatever you want
(02:49 / Allies) COMMANDERDANGLE: Ok daddy
(02:55 / Allies) COMMANDERDANGLE: :)
(03:05 / Allies) mtldemolition: k
(07:45 / Allies) ElTigre: charge the gold mine
(11:05 / Allies) ElTigre: make a shop tehre
(11:29 / All) idogaystrats2: when green gets one unit u guys are fucked!
(11:40 / All) China: Is your tech working out for you?
(12:16 / All) China: guess not